 Dungeon Crawl Stone Soup version 0.30.1-3-gfc49f6343a (webtiles) character file.

Game seed: 1050580602756420579

52375 monsoonserge the Brawler (level 14, -1/144 HPs)
             Began as a Troll Fighter on Aug 8, 2023.
             Was the Champion of Wu Jian.
             Drowned by a water elemental (7 damage)
             ... on level 1 of the Shoals on Aug 9, 2023.
             The game lasted 01:02:02 (17965 turns).

monsoonserge the Brawler (Troll Fighter)           Turns: 17965, Time: 01:02:02

Health: -1/144     AC:  9    Str: 36    XL:     14   Next: 26%
Magic:  13/13      EV: 11    Int: 15    God:    Wu Jian [******]
Gold:   1228       SH: 11    Dex:  9    Spells: 13/13 levels left

rFire   + .          .
                       - Unarmed
rCold   + . .        b - +0 kite shield
rNeg    + . .        S - +2 robe {Will+}
rPois   .            L - +2 hat {Will+}
rElec   .            w - +0 cloak {Will+}
rCorr   .            (gloves unavailable)
SInv    .            (boots unavailable)
Will    ++++.        (no amulet) Stlth
                     d - ring of Music {rN+ Str+6 Int+7}
HPRegen 1.24/turn    H - ring "Voilotir" {Fly rF+ rC+ Str+3 Stlth-}
MPRegen 0.13/turn

%: no passive effects
@: engulfed (cannot breathe), flying
A: large, unfitting armour, claws 3, regeneration 1, shaggy fur 1, tough skin 1
a: Renounce Religion, Wall Jump, Serpent's Lash, Heavenly Storm


You were on level 1 of the Shoals.
You worshipped Wu Jian.
Wu Jian was exalted by your worship.
You visited 5 branches of the dungeon, and saw 22 of its levels.
You also visited: Sewer and Gauntlet.

You collected 2040 gold pieces.
You spent 812 gold pieces at shops.

Inventory:

Hand Weapons
 Q - a +0 hand crossbow
Missiles
 k - a throwing net
 y - 27 poisoned darts (quivered)
 K - 14 boomerangs
 N - a curare-tipped dart
 R - 10 silver javelins
 U - 10 large rocks
 W - 12 javelins
Armour
 b - a +0 kite shield (worn)
 c - the +0 robe of Inquiry {Regen+ rCorr Str+3 Int+3}
   (You found it on level 11 of the Dungeon)

   Str:       It affects your strength (+3).
   Int:       It affects your intelligence (+3).
   Regen:     It increases your rate of health regeneration.
   rCorr:     It protects you from acid and corrosion.
 w - a +0 cloak of willpower (worn)
 L - a +2 hat of willpower (worn)
 M - the +1 robe of Hiozest {rElec}
   (You found it on level 8 of the Dungeon)

   rElec:     It insulates you from electricity.
 S - a +2 robe of willpower (worn)
 V - a +0 robe of resistance
Jewellery
 d - the ring of Music (left claw) {rN+ Str+6 Int+7}
   (You found it in a Gauntlet)

   [ring of strength]

   Str:       It affects your strength (+6).
   Int:       It affects your intelligence (+7).
   rN:        It protects you from negative energy.
 E - a ring of see invisible
 H - the ring "Voilotir" (right claw) {Fly rF+ rC+ Str+3 Stlth-}
   (You bought it in a shop on level 2 of the Orcish Mines)

   [ring of protection from fire]

   Str:       It affects your strength (+3).
   rF:        It protects you from fire.
   rC:        It protects you from cold.
   Fly:       It grants you flight.
   Stlth:     It makes you less stealthy.
Wands
 a - a wand of paralysis (20)
 s - a wand of flame (119)
 T - a wand of mindburst (15)
 X - a wand of iceblast (6)
Scrolls
 g - 13 scrolls of teleportation
 i - 2 scrolls of fog {unknown}
 j - 9 scrolls of fear
 m - 2 scrolls of blinking {unknown}
 o - a scroll of acquirement {unknown}
 q - 2 scrolls of immolation {unknown}
 u - 2 scrolls of enchant armour {unknown}
 z - 3 scrolls of magic mapping
 B - 3 scrolls of poison {unknown}
 O - a scroll of vulnerability {unknown}
Potions
 e - 9 potions of curing
 f - 4 potions of flight
 h - 13 potions of heal wounds {unknown}
 l - 5 potions of haste
 n - 4 potions of mutation
 p - 4 potions of berserk rage {unknown}
 t - 4 potions of lignification
 v - a potion of resistance {unknown}
 x - 3 potions of magic {unknown}
 A - 3 potions of cancellation {unknown}
 D - 2 potions of degeneration {unknown}
 F - 2 potions of invisibility {unknown}
 G - a potion of ambrosia {unknown}
 P - 3 potions of attraction {unknown}
 Y - a potion of might
 Z - 4 potions of brilliance
Miscellaneous
 I - a lightning rod (inert)


   Skills:
 + Level 10.5 Fighting
 + Level 7.7 Dodging
 + Level 11.4 Shields
 * Level 16.8 Unarmed Combat


You had 13 spell levels left.
You didn't know any spells.
Your spell library contained the following spells:

 Spells                   Type           Power      Damage    Failure   Level
 Beastly Appendage        Tmut           0%         N/A       36%         1
 Magic Dart               Conj           0%         1d3       36%         1
 Shock                    Conj/Air       0%         1d3       36%         1
 Sting                    Tmut/Pois      0%         1d3       36%         1
 Cigotuvi's Dreadful Rot  Necr/Pois/Air  0%         N/A       50%         2
 Poisonous Vapours        Pois/Air       0%         N/A       50%         2
 Searing Ray              Conj           0%         2d4       50%         2
 Static Discharge         Conj/Air       0%         2-2/arc   50%         2
 Sublimation of Blood     Necr           0%         N/A       50%         2
 Wereblood                Tmut           0%         N/A       50%         2
 Ignite Poison            Fire/Tmut/Pois 0%         N/A       75%         3
 Ozocubu's Armour         Ice            0%         N/A       75%         3
 Spider Form              Tmut/Pois      0%         N/A       75%         3
 Swiftness                Air            0%         N/A       75%         3
 Volatile Blastmotes      Fire/Tloc      0%         2d10      75%         3
 Airstrike                Air            0%         2d(0-16)  98%         4
 Fulminant Prism          Conj/Hex       0%         3d5       98%         4
 Iskenderun's Mystic Bla  Conj/Tloc      0%         2d3       98%         4
 Olgreb's Toxic Radiance  Pois           0%         N/A       98%         4
 Summon Lightning Spire   Summ/Air       0%         N/A       98%         4
 Freezing Cloud           Conj/Ice/Air   0%         6-21      100%        5
 Lee's Rapid Deconstruct  Erth           0%         3d4*      100%        5
 Metabolic Englaciation   Hex/Ice        0%         N/A       100%        5
 Simulacrum               Ice/Necr       0%         N/A       100%        6
 Summon Hydra             Summ           0%         N/A       100%        7


Dungeon Overview and Level Annotations

Branches:
Dungeon (13/15)            Temple (1/1) D:6            Lair (5/5) D:8
 Shoals (1/4) Lair:2       Spider (0/4) Lair:2        Slime (0/5) Lair:5
    Orc (2/2) D:10            Elf (0/3) Orc:2         Sewer (visited)
Gauntlet (visited)
 Vaults: D:13-14

Altars:
Ashenzari
Cheibriados
Dithmenos
Elyvilon
Fedhas
Gozag
Hepliaklqana
Kikubaaqudgha
Makhleb
Nemelex Xobeh
Okawaru
Qazlal
Ru
Sif Muna
Trog
Uskayaw
Vehumet
Wu Jian
Xom
Yredelemnul
Zin
The Shining One

Shops:
D:6 ?   Orc:1 *   Orc:2 =[*(


Innate Abilities, Weirdness & Mutations

You are too large for most types of armour.
You have claws for hands.
Your natural rate of healing is unusually fast.
You are covered in fur. (AC +1)
You have tough skin. (AC +1)


Message History

You block the water elemental's attack.
You mangle the water elemental!!
The water elemental is heavily damaged.
You block the water elemental's attack.
You closely miss the water elemental.
The water elemental is heavily damaged.
The water elemental hits you!
The water elemental engulfs you in water!
You scratch the water elemental but do no damage.
The water elemental is heavily damaged.
Your lungs strain for air!
You claw the water elemental!
The water elemental is almost destroyed.
* * * LOW HITPOINT WARNING * * *
Your lungs strain for air!
The water elemental barely misses you.
Unknown command.
You spin and attack the water elemental.
You barely miss the water elemental.
The water elemental is almost destroyed.
* * * LOW HITPOINT WARNING * * *
Your lungs strain for air!
The water elemental hits you!
* * * LOW HITPOINT WARNING * * *
You spin and attack the water elemental.
You barely miss the water elemental.
The water elemental is almost destroyed.
* * * LOW HITPOINT WARNING * * *
Your lungs strain for air!
The water elemental hits you!
* * * LOW HITPOINT WARNING * * *
Okay, then.
Press: ? - help, v - describe, . - travel
Here: a water elemental (almost destroyed)
The floor.
Okay, then.
You spin and attack the water elemental.
You scratch the water elemental but do no damage.
The water elemental is almost destroyed.
You die...

.†~~P~~P~~P~.~~~~~≈≈≈≈≈≈≈≈≈≈≈
.~..~.P~~~PP~~~~~~~≈≈≈≈≈≈≈≈≈≈
.~..:(†~~~~~~~~~..~~≈≈≈≈≈≈≈≈≈
.~..~((~~~~~...~.~~~≈≈≈≈≈≈≈≈≈
##.~~..~........~~~≈≈≈≈~~~≈≈≈
..!~~...(..)...~~~~~≈~~~~~~~≈
...~~.~~~.##..~~≈~~~~~~..~~~~
.>~~~≈~[..###.~~≈~~~~~~....~~
..~~~~~.~~..@E~~≈≈≈≈~.~.....~
~~~~~..~~~P~~~~≈≈≈~~........
~~~~~~~....PP~~≈≈~~~........
~~~~~~~~~.P.~~≈≈P....###...
..~~~~~~~~≈≈≈~....###..P
~~~~≈~~..~~≈≈~........~.
≈..~≈≈~.~~≈≈≈~...~.....~
≈~~~~≈~~~≈≈≈≈~...~P~PP..
≈≈≈≈≈≈≈≈≈≈≈≈P~~~P≈≈~PP..


You could see a water elemental.

Vanquished Creatures
  Nikola (Shoals:1)
  Gastronok (Lair:3)
  An orc warlord (Orc:2)
  A minotaur (Gauntlet)
  An ettin (Orc:1)
  2 hydras (Lair:4)
  A boulder beetle (D:8)
  A centaur warrior (Shoals:1)
  2 merfolk avatars (Shoals:1)
  A two-headed ogre (D:9)
  3 death yaks (Lair:3)
  2 orc high priests (Orc:2)
  Urug (Orc:2)
  The ghost of jsudlow the Grappler, a novice TrBe of Trog (D:8)
  A wretched star (Gauntlet)
  A skyshark (Lair:5)
  An oklob plant (Lair:1)
  4 orc knights
  3 orc sorcerers (Orc:2)
  2 cyclopes
  3 manticores
  A moth of wrath (Gauntlet)
  4 elephants (Lair:4)
  3 black mambas
  A smoke demon (Gauntlet)
  2 gargoyles (D:11)
  An unseen horror (D:11)
  5 cane toads
  2 rime drakes
  7 komodo dragons
  A red devil (Gauntlet)
  4 merfolk (Shoals:1)
  2 trolls
  2 polar bears
  2 hornets
  3 snapping turtles
  6 blink frogs
  33 yaks
  A shadow (D:11)
  2 wyverns
  A wraith (D:10)
  A water elemental (Shoals:1)
  A vampire (D:12)
  2 neqoxecs (Gauntlet)
  16 vampire mosquitoes
  A steam dragon (D:7)
  5 basilisks
  2 wargs (Orc:1)
  12 water moccasins
  6 black bears
  28 orc warriors
  An ice beast (D:6)
  A small abomination (Gauntlet)
  7 ogres
  24 wolves
  9 centaurs
  A phantom (D:5)
  4 kobold brigands
  Blork the orc (Orc:2)
  9 bullfrogs
  2 scorpions (D:5)
  7 wights
  A vampire bat (D:3)
  24 killer bees
  9 electric eels
  7 howler monkeys
  4 crimson imps (Gauntlet)
  19 orc priests
  A jelly (D:6)
  Crazy Yiuf (D:3)
  2 gnoll boudas
  2 hounds (D:5)
  Jessica (D:3)
  Terence (D:3)
  5 iguanas
  21 orc wizards
  12 gnolls
  7 adders
  6 river rats
  2 white imps
  5 worms
  2 dart slugs
  3 fire bats (D:3)
  70 orcs
  A spectral bat (D:3)
  14 ball pythons
  3 bat skeletons (D:3)
  A bat zombie (D:3)
  8 endoplasms
  2 giant cockroaches
  5 hobgoblins
  5 jackals
  3 quokkas
  13 bats
  A bat simulacrum (D:3)
  7 frilled lizards
  8 goblins
  44 kobolds
  40 rats
617 creatures vanquished.

Vanquished Creatures (others)
  A merfolk avatar (Shoals:1)
  A water nymph (Shoals:1)
  A merfolk (Shoals:1)
  A wind drake (Shoals:1)
  An orc wizard (Orc:2)
5 creatures vanquished.

Grand Total: 622 creatures vanquished

Notes
Turn   | Place    | Note
-------+----------+-------------------------------------------
     0 | D:1      | monsoonserge the Troll Fighter began the quest for the Orb.
     0 | D:1      | Reached XP level 1. HP: 22/22 MP: 0/0
   751 | D:2      | Reached XP level 2. HP: 29/29 MP: 1/1
   923 | D:2      | Reached skill level 3 in Unarmed Combat
   923 | D:2      | Reached XP level 3. HP: 6/36 MP: 2/2
   966 | D:2      | Found a faded altar of an unknown god.
  1730 | D:3      | Reached XP level 4. HP: 42/43 MP: 3/3
  2149 | D:3      | Found a runed translucent door.
  2150 | D:3      | Noticed Crazy Yiuf
  2329 | D:3      | Reached skill level 4 in Unarmed Combat
  2329 | D:3      | Reached XP level 5. HP: 45/53 MP: 4/4
  2342 | D:3      | Noticed Terence
  2359 | D:3      | Killed Terence
  2403 | D:3      | Reached XP level 6. HP: 59/61 MP: 5/5
  2527 | D:3      | Noticed Jessica
  2530 | D:3      | Killed Jessica
  2601 | D:3      | Killed Crazy Yiuf
  2602 | D:3      | Reached skill level 5 in Unarmed Combat
  2794 | D:4      | Found a glowing drain.
  2798 | Sewer    | Entered a sewer
  2929 | Sewer    | Identified the +2 ring mail of the Ecumenical Temple {rCorr
                  | Int+3}
  3090 | Sewer    | Reached XP level 7. HP: 68/68 MP: 6/6
  3576 | D:4      | Reached skill level 6 in Unarmed Combat
  4006 | D:5      | Entered Level 5 of the Dungeon
  4086 | D:5      | Identified the +7 spear of Greed {antimagic, rN+}
  4317 | D:5      | Reached skill level 5 in Shields
  4317 | D:5      | Reached XP level 8. HP: 79/79 MP: 7/7
  4340 | D:5      | Reached skill level 7 in Unarmed Combat
  5011 | D:6      | Reached skill level 5 in Fighting
  5074 | D:6      | Reached skill level 8 in Unarmed Combat
  5198 | D:6      | Found a staircase to the Ecumenical Temple.
  5212 | Temple   | Entered the Ecumenical Temple
  5243 | Temple   | Became a worshipper of the Wu Jian Council
  5316 | D:6      | Found Ororghes's Magic Scroll Shop.
  5323 | D:6      | Bought a scroll of teleportation for 30 gold pieces
  5400 | D:7      | Noticed a hornet
  5583 | D:7      | Reached XP level 9. HP: 88/88 MP: 8/8
  5884 | D:7      | Reached skill level 9 in Unarmed Combat
  6023 | D:8      | Identified the +1 robe of Hiozest {rElec}
  6150 | D:8      | Reached * piety under Wu Jian
  6589 | D:8      | Reached skill level 10 in Unarmed Combat
  6598 | D:8      | Reached ** piety under Wu Jian
  6742 | D:8      | Found a staircase to the Lair.
  6816 | D:8      | Found a runed translucent gate.
  6818 | D:8      | Found a runed translucent gate.
  6818 | D:8      | Found an opulent altar of Gozag.
  6818 | D:8      | Noticed a boulder beetle
  6819 | D:8      | Found a runed translucent gate.
  6820 | D:8      | Noticed jsudlow's ghost (novice TrBe)
  7190 | D:9      | Noticed a two-headed ogre
  7201 | D:9      | Killed a two-headed ogre
  7202 | D:9      | Reached XP level 10. HP: 100/100 MP: 9/9
  7216 | D:9      | Found a broken altar of Ashenzari.
  7429 | D:9      | Identified the staff of air "Kyesm" {rElec Str+4 Int+2}
  7431 | D:9      | Reached skill level 11 in Unarmed Combat
  7726 | D:10     | Entered Level 10 of the Dungeon
  7752 | D:10     | Found a staircase to the Orcish Mines.
  7763 | D:10     | Reached *** piety under Wu Jian
  7995 | D:10     | Reached skill level 12 in Unarmed Combat
  8560 | D:11     | Reached XP level 11. HP: 17/109 MP: 10/10
  8658 | D:11     | Identified the +0 robe of Inquiry {Regen+ rCorr Str+3
                  | Int+3}
  9322 | D:11     | Reached **** piety under Wu Jian
  9530 | D:10     | Reached skill level 13 in Unarmed Combat
 10920 | Lair:1   | Entered Level 1 of the Lair of Beasts
 10920 | Lair:1   | Noticed an oklob plant
 10984 | Lair:1   | Found a glowing silver altar of Zin.
 10985 | Lair:1   | Identified the +9 morningstar "monsoonserge's Foe" {heavy,
                  | +Blink rF+ rN+ MP+9}
 10989 | Lair:1   | Killed an oklob plant
 11148 | Lair:1   | Reached XP level 12. HP: 53/122 MP: 11/11
 11163 | Lair:1   | Found a gate leading to a gauntlet.
 11208 | Gauntlet | Entered a Gauntlet
 11208 | Gauntlet | Found a transporter.
 11216 | Gauntlet | Found a transporter.
 11217 | Gauntlet | Found a transporter.
 11231 | Gauntlet | Found a transporter.
 11233 | Gauntlet | Found a transporter.
 11236 | Gauntlet | Noticed a blizzard demon
 11252 | Gauntlet | Found a transporter.
 11259 | Gauntlet | Found a transporter.
 11260 | Gauntlet | Noticed a hell beast
 11263 | Gauntlet | Found a transporter.
 11275 | Gauntlet | Found a transporter.
 11279 | Gauntlet | Found a transporter.
 11280 | Gauntlet | Noticed a great orb of eyes
 11296 | Gauntlet | Found a runed translucent door.
 11297 | Gauntlet | Found a transporter.
 11298 | Gauntlet | Found a runed translucent door.
 11301 | Gauntlet | Found a transporter.
 11325 | Gauntlet | Found a transporter.
 11329 | Gauntlet | Found a transporter.
 11531 | Gauntlet | Reached skill level 14 in Unarmed Combat
 11537 | Gauntlet | Identified the ring of Music {rN+ Str+6 Int+7}
 11665 | Gauntlet | Identified the staff of conjuration "Quiko" {rElec}
 11665 | Gauntlet | Noticed a minotaur
 11672 | Gauntlet | Killed a minotaur
 11680 | Gauntlet | Found the +6 Majin-Bo {spellvamp, MP+6 Int+6}
 11735 | Gauntlet | Identified the +0 trident "Raraum" {spect, rF- rC+ SInv}
 11787 | Lair:1   | Reached skill level 5 in Dodging
 11962 | Lair:1   | Reached ***** piety under Wu Jian
 12843 | Lair:2   | Found a staircase to the Shoals.
 12919 | Lair:2   | Reached skill level 10 in Shields
 13228 | Lair:2   | Found a hole to the Spider Nest.
 13613 | Lair:3   | Noticed Gastronok
 13624 | Lair:3   | Killed Gastronok
 13625 | Lair:3   | Reached skill level 15 in Unarmed Combat
 13844 | Lair:3   | Reached XP level 13. HP: 131/131 MP: 12/12
 14550 | Lair:4   | You fall into a shaft and drop 1 floor!
 14550 | Lair:5   | Entered Level 5 of the Lair of Beasts
 15184 | Orc:1    | Entered Level 1 of the Orcish Mines
 15216 | Orc:1    | Found Pioll's General Store.
 15416 | Orc:2    | Entered Level 2 of the Orcish Mines
 15416 | Orc:2    | Found a staircase to the Elven Halls.
 15468 | Orc:2    | Reached ****** piety under Wu Jian
 15486 | Orc:2    | Reached skill level 10 in Fighting
 15496 | Orc:2    | Reached skill level 16 in Unarmed Combat
 15999 | Orc:2    | Noticed Urug
 16081 | Orc:2    | Killed Urug
 16155 | Orc:1    | Noticed an ettin
 16168 | Orc:1    | Killed an ettin
 16543 | Orc:2    | Noticed an orc warlord
 16557 | Orc:2    | Killed an orc warlord
 16558 | Orc:2    | Reached XP level 14. HP: 121/143 MP: 13/13
 16564 | Orc:2    | Noticed Blork the orc
 16571 | Orc:2    | Found Uggiufia's Antique Armour Emporium.
 16573 | Orc:2    | Killed Blork the orc
 16680 | Orc:2    | Found Imon's Antique Weapon Emporium.
 16716 | Orc:2    | Found Ylauthull's Jewellery Emporium.
 16732 | Orc:2    | Found Qicarixke's General Store.
 16936 | Orc:2    | Bought the ring "Voilotir" {Fly rF+ rC+ Str+3 Stlth-} for
                  | 782 gold pieces
 17122 | D:13     | Identified the +11 rapier of Horurgh {freeze, rF+ rCorr
                  | Dex+4 Stlth-}
 17300 | D:8      | Killed jsudlow's ghost
 17463 | Shoals:1 | Entered Level 1 of the Shoals
 17888 | Shoals:1 | Noticed Nikola
 17919 | Shoals:1 | HP: 7/144 [Nikola/arc of chain lightning (77)]
 17920 | Shoals:1 | Killed Nikola
 17964 | Shoals:1 | HP: 6/144 [water elemental (15)]
 17965 | Shoals:1 | Drowned by a water elemental

Illustrated notes

Levels and vault maps discovered:
D:1:      arrival_zaba_pyramid, layout_basic
D:2:      layout_basic, nicolae_ecumenical_lake_church, grunt_decor_junction
D:3:      layout_loops_ring, goddamned_bats, uniq_crazy_yiuf_cottage,
          uniq_terence, uniq_jessica
D:4:      black_bear_nest_2, layout_loops_ring, gup_sewer_entry_bowl
D:5:      layout_basic
D:6:      layout_cave_pools, temple_hall, serial_shops, shop
D:7:      layout_cave_pools
D:8:      layout_loops_corners, lair_entry_dummy, ebering_ghost_gozag
D:9:      layout_loops_ring, ashenzari_conservatory_becter
D:10:     layout_basic, david_orc_2
D:11:     layout_cave_pods
D:12:     layout_long_grid, glass_columns_a
D:13:     layout_loops_cross, lightli_vaults_fourway_checkpoint,
          portal_ice_cave_entry_pillars_1
Temple:   nicolae_temple_the_god_donut
Lair:1:   layout_cave_shapes, gauntlet_entry_generic, lemuel_oklob_altar,
          grunt_megastairs_1
Lair:2:   layout_regular_city, minmay_shoals_entry_hut,
          spider_nest_entry_web_field, nicolae_quartered_pool_little,
          chequers_serial_rivers_room_b
Lair:3:   layout_layer_cave, serial_bayou_lake_a, uniq_gastronok
Lair:4:   layout_gridlike
Lair:5:   minmay_lair_end_frog_pond, layout_regular_city, slime_entry_1
Shoals:1: layout_shoals, nicolae_shoals_siren_and_animal_friends, uniq_nikola
Orc:1:    layout_diamond_mine, serial_shops, shop
Orc:2:    grunt_orc_cross, layout_diamond_mine

Skill      XL: |  1  2  3  4  5  6  7  8  9 10 11 12 13 |
---------------+----------------------------------------+-----
Shields        | 3 4 5 6 7 8 9 10 11 | 11.4
Unarmed Combat | 3 4 5 6 8 10 12 13 15 16 | 16.8
Fighting       | 3 4 5 6 7 8 9 10 | 10.5
Dodging        | 4 6 7 |  7.7

Action                     |  1- 3 |  4- 6 |  7- 9 | 10-12 | 13-15 || total
---------------------------+-------+-------+-------+-------+-------++-------
  Melee: Unarmed           |   119 |   257 |   363 |   721 |   543 ||  2003
  Throw: Dart              |       |       |     1 |     1 |     5 ||     7
 Invoke: Serpent's Lash    |       |       |       |       |     2 ||     2
Ability: Lunge             |       |       |    15 |    58 |    58 ||   131
         Whirlwind         |       |       |    20 |   196 |   164 ||   380
  Evoke: Lightning rod     |       |       |       |       |    10 ||    10
         Wand              |       |       |       |       |     1 ||     1
    Use: Potion            |       |       |     1 |     1 |       ||     2
         Scroll            |       |       |       |    10 |     2 ||    12
   Stab: Distracted        |       |     1 |       |       |       ||     1
         Sleeping          |       |       |       |     1 |       ||     1
 Armour: Robe              |    32 |    95 |    54 |     1 |    26 ||   208
         Steam dragon scal |       |       |    49 |   172 |    43 ||   264
  Dodge: Dodged            |    28 |    87 |   138 |   186 |   120 ||   559
  Block: Kite shield       |    41 |   119 |   166 |   237 |   152 ||   715
